Map: Ever Dream LE

Players

ItsByun

  • Race: Terran Terran
  • League: Master
  • Spawn Location: 1:00

llllllllllll - Winner!

  • Race: Protoss Protoss
  • League: Master
  • Spawn Location: 7:00

VOD

Have the link to the VOD?

Description

Time

  • Played on: March 13, 2020, 9:46 p.m.
  • Length: 3:07
Show
View Real Time Build Order
Export as new Build Order

ItsByun Terran 

Build Orders:  

Get SALT Encoding   

  12  0:00  SCV  
  13  0:13  SCV  
  14  0:17  Supply Depot  
  14  0:25  SCV  
  15  0:38  SCV  
  15  0:41  Barracks  
  16  0:44  Refinery  
  16  0:50  SCV  
  17  1:03  SCV  
  18  1:15  SCV  
  19  1:27  Bunker  
  19  1:28  Marine  
  20  1:39  Bunker  
  20  1:40  Orbital Command  
  20  1:46  Marine  
  17  2:03  Bunker  
  17  2:04  Marine  
  18  2:13  Barracks  
  18  2:25  Supply Depot  
  16  2:45  Marine  
Show
View Real Time Build Order
Export as new Build Order

llllllllllll Protoss - Winner!

Build Orders: Cannon Rush 

Get SALT Encoding   

  12  0:01  Probe  
  13  0:13  Probe (Chrono Boost)  
  14  0:17  Pylon  
  14  0:25  Probe (Chrono Boost)  
  15  0:33  Probe (Chrono Boost)  
  16  0:38  Forge  
  16  0:59  Pylon  
  16  1:17  Photon Cannon  
  16  1:19  Photon Cannon  
  16  1:20  Pylon  
  16  1:25  Pylon  
  16  1:35  Pylon  
  15  1:54  Photon Cannon  
  15  1:55  Photon Cannon  
  15  1:58  Photon Cannon  
  15  2:09  Photon Cannon  
  15  2:17  Photon Cannon  
  15  2:25  Photon Cannon  
  15  2:35  Photon Cannon  
Tags
 
Add a new tag
Caveats
  • Supply blocks, unpowered buildings, or Contaminate may cause inaccurate times.
  • Supply counts are checked every 10 seconds.